 Dungeon Crawl Stone Soup version 0.31.0-12-g77e489cdc1 (webtiles) character file.

Game seed: 23114428537260465

82 Cheops the Ruffian (level 4, -6/28 HPs)
             Began as an Octopode Shapeshifter on Mar 2, 2024.
             Mangled by a ribbon worm (7 damage)
             ... on level 2 of the Dungeon.
             The game lasted 00:01:37 (1365 turns).

Cheops the Ruffian (Octopode Shapeshifter)          Turns: 1365, Time: 00:01:38

Health: -6/28      AC:  1    Str: 15    XL:     4   Next: 43%
Magic:  4/4        EV: 13    Int: 12    God:
Gold:   157        SH:  0    Dex: 11    Spells: 3/3 levels left

rFire   . .          .
                       - Unarmed
rCold   . . .        (no shield)
rNeg    . . .        (helmet currently unavailable)
rPois   .            h - amulet of magic regeneration
rElec   .            (no ring)
rCorr   .            (no ring)
SInv    .            (no ring)
Will    .....        (no ring)
Stlth   ++           (no ring)
HPRegen 0.24/turn    (no ring)
MPRegen 0.49/turn    (no ring)
                     (no ring)

%: no passive effects
@: beast-form
A: beast (slay +1), almost no armour, amphibious, 8 rings, camouflage 1,
gelatinous body 1, (nimble swimmer 1), tentacles
a: Begin Untransformation


You were on level 2 of the Dungeon.
You were a hulking beast.
You visited 1 branch of the dungeon, and saw 2 of its levels.

You collected 157 gold pieces.

Inventory:

Jewellery
 h - an amulet of magic regeneration (around mantle)
 k - a ring of ice
Talismans
 b - a beast talisman (active)
 c - a flux talisman
 j - a beast talisman (active)
Scrolls
 e - a scroll of teleportation {unknown}
 g - a scroll of summoning {unknown}
 i - a scroll of identify {unknown}
 l - a scroll of brand weapon {unknown}
Potions
 a - a potion of lignification
 d - a potion of attraction {unknown}
 f - a potion of magic {unknown}


   Skills:
 - Level 1.0 Fighting
 - Level 2.0 Dodging
 - Level 5.0 Unarmed Combat
 + Level 3.1 Shapeshifting


You had 3 spell levels left.
You didn't know any spells.
Your spell library contained the following spells:

 Spells                   Type           Power      Damage    Failure   Level
 Ozocubu's Armour         Ice            0%         N/A       69%         3
 Metabolic Englaciation   Hex/Ice        0%         N/A       100%        5
 Sculpt Simulacrum        Ice/Alch       0%         N/A       100%        6


Dungeon Overview and Level Annotations

Branches:
Dungeon (2/15)

Altars:


Innate Abilities, Weirdness & Mutations

You are a hulking beast.
Your limbs bulge with bestial killing power. (Slay +1)
You cannot wear most types of armour.
You are amphibious.
You can wear up to eight rings at the same time.
Your skin changes colour to match your surroundings (Stealth+).
Your rubbery body absorbs attacks. (AC +1, EV +1)
((You are camouflaged when in or above water. (Stealth+)))
You have tentacles for arms and can constrict up to eight enemies at once.


Message History

The ribbon worm bites you.
The ribbon worm expels a string of sticky webbing.
The stream of webbing hits you but does no damage.
You are caught in a web!
There is a web here.
You struggle to detach yourself from the web.
You struggle to detach yourself from the web.
The endoplasm barely misses you.
You struggle to detach yourself from the web.
The endoplasm freezes you.
You are frozen.
The ribbon worm bites you.
* * * LOW HITPOINT WARNING * * *
The web tears apart.
The endoplasm freezes you.
You are frozen.
* * * LOW HITPOINT WARNING * * *
The ribbon worm bites you!
* * * LOW HITPOINT WARNING * * *
The quokka bites you.
* * * LOW HITPOINT WARNING * * *
Unknown command.
You barely miss the endoplasm. You squeeze the endoplasm.
You kill the endoplasm!
You bludgeon the quokka!
You kill the quokka!
The ribbon worm expels a string of sticky webbing.
The stream of webbing hits you but does no damage.
You are caught in a web!
The web tears apart.
You tentacle-slap the ribbon worm. You grab the ribbon worm.
The ribbon worm is moderately wounded.
You constrict the ribbon worm, but do no damage.
You tentacle-slap the ribbon worm.
The ribbon worm is heavily wounded.
You constrict the ribbon worm. The ribbon worm bites you.
* * * LOW HITPOINT WARNING * * *
You tentacle-slap the ribbon worm.
The ribbon worm is almost dead.
You constrict the ribbon worm. The ribbon worm bites you!
You die...

#.#.## .# ##. .###.###.#### ...
## ##........ #### .###....######
############# #.#>..###....###
#...........# ##.#.##........##
#.#######...# .....#..###.....#
#.# ####'##
###.##.##S....#w##.##.# #...... #
#.#..#..[$..#.h#.##.# #.⌠...⌠ #
#.#..#.?##$.#..#.##.# #.)....
###.#..#.[ #$.#....##.# #.⌠...⌠
#...#..#.. (..#....##.# #......
#.#.##.## ...##....##.# #.⌠...⌠
.....#..######.....##.#####...>..
##.#.##...........###.....#######
#.#..###....###...........#
#.##...######...###########


You could see a ribbon worm (catching breath).

Vanquished Creatures
  A gnoll (D:1)
  3 adders (D:2)
  3 dart slugs
  3 ball pythons
  3 bats
  3 endoplasms
  A giant cockroach (D:1)
  2 goblins
  2 hobgoblins (D:2)
  6 jackals
  4 quokkas
  2 frilled lizards
  A kobold (D:2)
  2 rats
36 creatures vanquished.

Notes
Turn   | Place    | Note
-------+----------+-------------------------------------------
     0 | D:1      | Cheops the Octopode Shapeshifter began the quest for the
                  | Orb.
     0 | D:1      | Reached XP level 1. HP: 13/13 MP: 1/1
   105 | D:1      | Reached XP level 2. HP: 18/18 MP: 2/2
   456 | D:1      | Reached skill level 4 in Unarmed Combat
   456 | D:1      | Reached XP level 3. HP: 11/23 MP: 3/3
  1066 | D:2      | Reached XP level 4. HP: 28/28 MP: 4/4
  1087 | D:2      | Found a faded altar of an unknown god.
  1182 | D:2      | Reached skill level 5 in Unarmed Combat
  1357 | D:2      | HP: 1/28 [quokka (5)]
  1364 | D:2      | HP: 1/28 [ribbon worm (2)]
  1365 | D:2      | Mangled by a ribbon worm

Illustrated notes

Levels and vault maps discovered:
D:1:      dpeg_arrival_pits, layout_basic, item_on_display_a
D:2:      layout_loops_ring, hellmonk_ecumenical_altar_arch_garden,
          grunt_ministairs_3, minmay_randomly_rotated_circles

Skill      XL: |  1  2  3  4 |
---------------+-------------+-----
Unarmed Combat | 4 5 |  5.0
Fighting       | |  1.0
Dodging        | |  2.0
Shapeshifting  | |  3.1

Action                     |  1- 3 |  4- 6 || total
---------------------------+-------+-------++-------
  Melee: Unarmed           |    36 |    23 ||    59
         Constrict         |    13 |     6 ||    19
         Tentacles         |     6 |     5 ||    11
         Punch             |     4 |       ||     4
Ability: Begin Untransform |     1 |       ||     1
   Stab: Sleeping          |     3 |     4 ||     7
 Armour: Skin              |    16 |    13 ||    29
  Dodge: Dodged            |    18 |     9 ||    27
   Form: Beast             |     1 |       ||     1
